 Dungeon Crawl Stone Soup version 0.25.0-26-g0c896c7088 (webtiles) character file.

Game seed: 14417623359977003790

86 xccam the Insei (level 4, -1/31 HPs)
             Began as an Octopode Monk on July 2, 2020.
             Killed from afar by Sigmund (9 damage)
             ... with a puff of flame
             ... on level 2 of the Dungeon.
             The game lasted 00:02:09 (1825 turns).

xccam the Insei (Octopode Monk)                     Turns: 1825, Time: 00:02:10

Health: -1/31      AC:  1    Str:  9 (10) XL:     4   Next: 49%
Magic:  4/4        EV: 14    Int:  9 (12) God:
Gold:   94         SH:  0    Dex: 13 (15) Spells: 3/3 levels left

rFire    . . .     SeeInvis .     - Unarmed
rCold    . . .     Gourm    .   (no shield)
rNeg     . . .     Faith    .   (helmet restricted)
rPois    .         Spirit   .   (no amulet)
rElec    .         Reflect  .   (no ring)
rCorr    .         Harm     .   (no ring)
MR       .....                  (no ring)
Stlth    ++........             (no ring)
HPRegen  0.10/turn              (no ring)
MPRegen  0.09/turn              (no ring)
                                (no ring)
                                (no ring)

@: confused, brilliant
A: almost no armour, stealthy swim, amphibious, 8 rings, constrict 8, camouflage
1, gelatinous body 1
a: no special abilities


You were on level 2 of the Dungeon.
You were not hungry.

You visited 1 branch of the dungeon, and saw 2 of its levels.

You collected 94 gold pieces.

Inventory:

Scrolls
 b - a scroll of teleportation
 c - 3 scrolls of immolation
Potions
 e - a potion of brilliance
Comestibles
 a - 3 rations
 d - 2 chunks of flesh


   Skills:
 - Level 3.0 Fighting
 - Level 3.0 Dodging
 - Level 2.6 Stealth
 + Level 5.1 Unarmed Combat


You had 3 spell levels left.
You didn't know any spells.
Your spell library contained the following spells:

 Spells                   Type           Power        Failure   Level  Hunger
 Animate Skeleton         Necr           N/A          38%         1    None
 Apportation              Tloc           #.....       38%         1    None
 Corona                   Hex            #......      38%         1    None
 Summon Small Mammal      Summ           #...         38%         1    None


Dungeon Overview and Level Annotations

Branches:
Dungeon (2/15)

Altars:
Gozag
Kikubaaqudgha
Xom

Annotations:
D:2 Natasha, Robin, Sigmund


Innate Abilities, Weirdness & Mutations

You cannot wear most types of armour.
You are very stealthy in the water. (Stealth+)
You are amphibious.
You can wear up to eight rings at the same time.
You can use your tentacles to constrict eight enemies at once.
Your skin changes colour to match your surroundings (Stealth+).
Your rubbery body absorbs attacks. (AC +1, EV +1)


Message History

Natasha wildly gestures.
Natasha shimmers violently.
You swing at nothing.
You hear a zap.
A puff of flame appears from out of thin air!
The puff of flame hits you but does no damage.
Natasha mumbles some strange words.
You swing at nothing.
You feel less wooden.
You hear a zap.
A puff of flame appears from out of thin air!
The puff of flame hits you!
Sigmund appears from thin air!
Reactivating autopickup.
Sigmund zaps a wand.
The puff of flame hits you.
* * * LOW HITPOINT WARNING * * *
Sigmund casts a spell at you.
You are confused.
You bump into the rock wall.
Sigmund zaps a wand.
The puff of flame hits you!
You die...

.## #.# .# # #.### #.##
#.# .# .## ##.# #.# .#
##.# #.# # #....# ## ###@#
.# .# !###########.#####.
# ..hlK@)(.@.(....... #
..5########.####### # #.#
#8_8# # #.# #...# # ## #.#
#...# # ## ##.## #.# ##.##
##
...##...###.###...#######.
#.#......................
#..........###...########


You could see Sigmund, Natasha, a crimson imp (summoned), a kobold and a frilled
lizard.

Vanquished Creatures
  2 adders (D:2)
  An ooze (D:1)
  A worm (D:2)
  2 dart slugs (D:1)
  2 leopard geckos
  2 ball pythons
  A bat (D:1)
  8 goblins (D:1)
  2 hobgoblins
  7 jackals
  A quokka (D:2)
  3 frilled lizards
  12 kobolds
  7 rats
51 creatures vanquished.

Notes
Turn   | Place    | Note
-------+----------+-------------------------------------------
     0 | D:1      | xccam the Octopode Monk began the quest for the Orb.
     0 | D:1      | Reached XP level 1. HP: 16/16 MP: 1/1
    71 | D:1      | Reached XP level 2. HP: 13/21 MP: 2/2
   373 | D:1      | Reached skill level 4 in Unarmed Combat
   481 | D:1      | Reached XP level 3. HP: 26/26 MP: 3/3
  1324 | D:2      | Noticed Sigmund
  1504 | D:2      | Reached XP level 4. HP: 31/31 MP: 4/4
  1699 | D:2      | Found an opulent altar of Gozag.
  1725 | D:2      | Found an ancient bone altar of Kikubaaqudgha.
  1727 | D:2      | Found a shimmering altar of Xom.
  1727 | D:2      | Noticed Robin
  1781 | D:2      | Reached skill level 5 in Unarmed Combat
  1785 | D:2      | Noticed Natasha
  1825 | D:2      | Killed from afar by Sigmund

Illustrated notes

Levels and vault maps discovered:
D:1:      psy_arrival_whirlpool, layout_rooms, hangedman_decor_points
D:2:      layout_loops_ring, nicolae_overflow_hidden_temple,
          grunt_gozag_breadcrumbs, ashenzari_conservatory_becter, uniq_natasha,
          uniq_robin, uniq_sigmund

Skill      XL: |  1  2  3  4 |
---------------+-------------+-----
Unarmed Combat | 4 5 |  5.1
Fighting       | |  3.0
Dodging        | |  3.0
Stealth        | |  2.6

Action                   |  1- 3 |  4- 6 || total
-------------------------+-------+-------++-------
Melee: Unarmed           |    85 |    27 ||   112
       Constrict         |    25 |     4 ||    29
       Tentacles         |    11 |     2 ||    13
       Punch             |     5 |     1 ||     6
  Use: Scroll            |     3 |       ||     3
       Potion            |       |     5 ||     5
 Stab: Sleeping          |     8 |       ||     8
  Eat: Chunk             |     2 |     1 ||     3
Armor: Skin              |     3 |    22 ||    25
Dodge: Dodged            |    48 |    12 ||    60
